 Dungeon Crawl Stone Soup version 0.22-a0-433-gd2a9cce (webtiles) character file.

50 MisterFreud the Digger (level 3, 0/19 HPs)
             Began as a Gargoyle Earth Elementalist on May 27, 2018.
             Slain by an orc
             ... wielding a +1 dagger of venom
              (3 damage)
             ... on level 2 of the Dungeon.
             The game lasted 00:08:44 (1606 turns).

MisterFreud the Digger (GrEE)                       Turns: 1606, Time: 00:08:45

Health: 0/19       AC:  5    Str: 11    XL:     3   Next: 79%
Magic:  1/7        EV: 14    Int: 16    God:
Gold:   80         SH:  0    Dex: 10    Spells: 1/7 levels left

rFire    . . .     SeeInvis .   a - +1 dagger (protect)
rCold    . . .     Gourm    .   (no shield)
rNeg     + . .     Faith    .   c - +0 robe
rPois    ∞         Spirit   .   (no helmet)
rElec    +         Reflect  .   (no cloak)
rCorr    .         Harm     .   (no gloves)
MR       .....                  (no boots)
Stlth    ++........             (no amulet)
HPRegen  0.06/turn              m - +2 ring of evasion
MPRegen  0.10/turn              (no ring)

@: no status effects
A: negative energy resistance 1, electricity resistance, unbreathing,
petrification resistance, rot immunity, AC +3
a: no special abilities


You were on level 2 of the Dungeon.
You were hungry.

You visited 1 branch of the dungeon, and saw 2 of its levels.

You collected 80 gold pieces.

Inventory:

Hand Weapons
 a - a +1 dagger of protection (weapon)
Missiles
 b - 73 stones (quivered)
 l - 73 arrows
Armour
 c - a +0 robe (worn)
Jewellery
 m - a +2 ring of evasion (left hand)
Scrolls
 i - 3 scrolls of identify
 j - a scroll of remove curse
Potions
 g - 2 potions of agility
 k - a potion of cancellation
Comestibles
 d - 4 rations


   Skills:
 - Level 1.6 Dodging
 - Level 2.2 Stealth
 * Level 2.8 Spellcasting
 - Level 0.7 Transmutations
 * Level 4.7 Earth Magic


You had one spell level left.
You knew the following spells:

 Your Spells              Type           Power        Failure   Level  Hunger
a - Sandblast             Erth           ###...       2%          1    #......
b - Stone Arrow           Conj/Erth      #.....       22%         3    ###....
c - Passwall              Tmut/Erth      ##......     10%         2    ##.....

Your spell library contained the following spells:

 Spells                   Type           Power        Failure   Level  Hunger
 Confuse                  Hex            #.......     50%         3    ###....
 Confusing Touch          Hex            #.....       19%         1    #......
 Metabolic Englaciation   Hex/Ice        #.........   99%         5    ######.
 Lee's Rapid Deconstruct  Erth           ###.......   58%         5    ######.
 Petrify                  Tmut/Erth      ##......     52%         4    #####..
 Gell's Gravitas          Tloc           #.........   50%         3    ###....
 Yara's Violent Unravell  Hex/Tmut       #.........   99%         5    ######.


Dungeon Overview and Level Annotations

Branches:
Dungeon (2/15)

Altars:

Annotations:
D:1 exclusion: downstairs
D:2 Natasha


Innate Abilities, Weirdness & Mutations

You are resistant to torment.
Your stone body is resilient. (AC +3)
You are immune to poison.
You resist negative energy. (rN+)
You are resistant to electric shocks. (rElec)
You can survive without breathing.
You are immune to petrification.
You are immune to rotting.


Message History

It was a scroll of noise.
You hear an angry hiss.
You hear a shout!
The orc priest closely misses you. The orc barely misses you.
Okay, then.
As you read the scroll labeled MUXTUI ANYURR, it crumbles to dust.
It is a scroll of amnesia.
Okay, then.
The orc misses you.
The orc priest hits you but does no damage.
The orc closely misses you.
Unknown command.
Okay, then.
The orc hits you with a dagger of venom.
* * * LOW HITPOINT WARNING * * *
You closely miss the orc priest.
The orc priest is heavily wounded.
The orc priest calls down the wrath of Beogh upon you.
You barely resist.
The orc hits you with a dagger of venom.
You die...

###### ######## #....#
##......####@o..#
#####.........oooo..#
..............##....######
.##......................#
...............#########.#
...............# ##...#
...........o...## ##..###
#.<.............####..##
#...#..o....#....##..##


You could see an orc priest and 4 orcs.

Vanquished Creatures
  An adder (D:1)
  2 worms (D:2)
  2 leopard geckos
  2 bats (D:2)
  7 goblins
  4 hobgoblins
  6 jackals (D:2)
  3 frilled lizards
  A kobold (D:2)
  2 rats (D:1)
30 creatures vanquished.

Notes
Turn   | Place    | Note
-------+----------+-------------------------------------------
     0 | D:1      | MisterFreud the Gargoyle Earth Elementalist began the quest for the Orb.
     0 | D:1      | Reached XP level 1. HP: 10/10 MP: 3/3
    98 | D:2      | Reached skill level 4 in Earth Magic
   146 | D:2      | Reached XP level 2. HP: 6/15 MP: 0/5
   919 | D:1      | Reached XP level 3. HP: 16/19 MP: 6/6
  1160 | D:2      | Noticed Natasha
  1399 | D:2      | Learned a level 3 spell: Stone Arrow
  1433 | D:2      | Learned a level 2 spell: Passwall
  1606 | D:2      | Slain by an orc

Vault maps used:
D:1:      dpeg_arrival_stonehenge_12_columns
D:2:      cheibrodos_pilgrimage, bloody_makhleb, uniq_natasha

Skill      XL: |  1 |
---------------+----+-----
Earth Magic    | 4 |  4.7
Dodging        | |  1.6
Stealth        | |  2.2
Spellcasting   | |  2.8
Transmutations | |  0.7

Action                   || total
-------------------------++-------
Melee: Dagger            ||   164
       Unarmed           ||     3
Throw: Stone             ||     1
 Cast: Sandblast         ||    16
       Stone Arrow       ||     1
  Use: Scroll            ||     5
 Stab: Sleeping          ||     3
  Eat: Chunk             ||     2
Armor: Robe              ||    56
Dodge: Dodged            ||   128

Table legend:
 A = Spawn XP
 B = Non-spawn XP
 C = Spawn XP percentage of total XP
 D = Spawn monster count
 E = Non-spawn monster count
 F = Spawn count percentage of total count
 G = Total turns spent on level
                    A         B        C        D         E        F      G
               +---------+---------+-------+---------+---------+-------+---------
         Total |       0 |      72 |   0.0 |       0 |      30 |   0.0 |  1606
               +---------+---------+-------+---------+---------+-------+---------
           D:1 |       0 |      34 |   0.0 |       0 |      13 |   0.0 |   728
           D:2 |       0 |      38 |   0.0 |       0 |      17 |   0.0 |   878
               +---------+---------+-------+---------+---------+-------+---------
